 Dungeon Crawl Stone Soup version 0.30-a0-170-g85af917532 (webtiles) character file.

Game seed: 15120727575725897247

18 Flugkiller the Trooper (level 2, -2/24 HPs)
             Began as a Mummy Berserker on Sept 30, 2022.
             Was a Follower of Trog.
             Slain by a kobold
             ... wielding a +2 whip of holy wrath
              (3 damage)
             ... on level 2 of the Dungeon.
             The game lasted 00:00:40 (978 turns).

Flugkiller the Trooper (Mummy Berserker)             Turns: 978, Time: 00:00:40

Health: -2/24      AC:  4    Str: 20    XL:     2   Next: 51%
Magic:  2/2        EV: 12    Int:  6    God:    Trog [*.....]
Gold:   69         SH:  0    Dex: 11    Spells: 1/1 levels left

rFire   x . .      SeeInvis .    a - +0 hand axe
rCold   + . .      Faith    +    (no shield)
rNeg    + + +      Spirit   .    b - +0 animal skin
rPois   ∞          Reflect  .    d - +0 helmet
rElec   .          Harm     .    g - +0 cloak
rCorr   .          Rampage  .    (no gloves)
Will    .....                    (no boots)
Stlth   +.........               (no amulet)
HPRegen 0.08/turn                (no ring)
MPRegen 0.08/turn                (no ring)

@: no status effects
A: cold resistance 1, negative energy resistance 3, torment resistance 2, heat
vulnerability 1, no potions, faith
a: Renounce Religion


You were on level 2 of the Dungeon.
You worshipped Trog.
Trog was aware of your devotion.
You visited 1 branch of the dungeon, and saw 2 of its levels.

You collected 69 gold pieces.

Inventory:

Hand Weapons
 a - a +0 hand axe (weapon)
Missiles
 c - 4 curare-tipped darts (quivered)
 f - a throwing net
Armour
 b - a +0 animal skin (worn)
 d - a +0 helmet (worn)
   (You found it on level 1 of the Dungeon)
 g - a +0 cloak (worn)
   (You found it on level 1 of the Dungeon)
Scrolls
 e - a scroll of magic mapping {unknown}
 h - a scroll of immolation {unknown}


   Skills:
 + Level 3.3 Fighting
 * Level 3.0 Axes
 - Level 1.5 Armour
 - Level 1.5 Dodging


You had one spell level left.
You didn't know any spells.
Your spell library was empty.

Dungeon Overview and Level Annotations

Branches:
Dungeon (2/15) Zot: 11013

Altars:


Innate Abilities, Weirdness & Mutations

You are immune to poison.
Your flesh is cold resistant. (rC+)
You are immune to negative energy. (rN+++)
You are immune to unholy pain and torment.
You are vulnerable to heat. (rF-)
You do not drink.
You have a special connection with the divine. (Faith)


Message History

The endoplasm quivers.
The endoplasm freezes you.
You are frozen.
You resist. The endoplasm barely misses you.
You hit the endoplasm. You punch the endoplasm.
You kill the endoplasm!
Trog accepts your kill.
You hit the endoplasm.
The endoplasm hits you but does no damage.
The endoplasm closely misses you.
You hit the endoplasm.
You kill the endoplasm!
Trog accepts your kill.
Your Axes skill increases to level 3!
No target in view!
No target in view!
No target in view!
No target in view!
No target in view!
No target in view!
No target in view!
No target in view!
Found 5 stones.
f - a throwing net A kobold comes into view.
It is wielding a +0 dagger.
A kobold is nearby!
The kobold shouts!
Found a book of Weapons.
You hit the kobold.
The kobold is moderately wounded.
The kobold hits you but does no damage.
You hit the kobold.
You kill the kobold!
Trog accepts your kill.
No target in view!
No target in view!
No target in view!
No target in view!
No target in view!
No target in view!
No target in view!
You see here a +0 dagger.
You see here a +0 dagger.
You see here a +2 short sword of protection.
You see here a +0 cloak.
Key pressed, stopping explore.
Done exploring.
Done exploring.
No target in view!
(D) Dungeon
Where to? (? - help)
There is a stone staircase leading down here.
You climb downwards.
There is a stone staircase leading up here.
Search for what [? for help]? cloak You climb upwards.
There is a stone staircase leading down here.
You see here a +0 cloak.
g - a +0 cloak You start putting on your armour.
You continue putting on your +0 cloak. x4
You finish putting on your +0 cloak.
(D) Dungeon
Where to? (Enter - D:1 @ (x,y), ? - help)
There is a stone staircase leading down here.
You climb downwards.
There is a stone staircase leading up here.
Found a stone staircase leading up.
There is a stone staircase leading up here.
h - a scroll labelled JERUASIUHO A kobold comes into view.
It is wielding a +2 whip of holy wrath.
The kobold shouts!
The kobold hits you but does no damage.
You closely miss the kobold.
The kobold hits you with a +2 whip of holy wrath.
You convulse.
You barely miss the kobold.
The kobold hits you with a +2 whip of holy wrath.
You convulse.
You are too injured to fight recklessly!
You are too injured to fight recklessly!
You are too injured to fight recklessly!
You are too injured to fight recklessly!
You are too injured to fight recklessly!
You are too injured to fight recklessly!
You are too injured to fight recklessly!
You are too injured to fight recklessly!
You miss the kobold. The kobold barely misses you.
Press: ? - help, v - describe, . - travel
Here: a kobold, wielding a +2 whip of holy wrath The floor.
Unknown command.
You barely miss the kobold. The kobold closely misses you.
The kobold hits you with a +2 whip of holy wrath.
You convulse.
* * * LOW HITPOINT WARNING * * *
Unknown command.
The kobold attacks as you move away!
The kobold hits you with a +2 whip of holy wrath.
* * * LOW HITPOINT WARNING * * *
You convulse.
You die...

#.#### .....# #
.....# #.
#.##.# #.
#.##K#
#..#.##@#
#..#.##.# #####
#.......#
#...######.####
####..........#
..<....########
########


You could see a kobold.

Vanquished Creatures
  A dart slug (D:1)
  A ball python (D:1)
  A bat (D:1)
  4 endoplasms (D:1)
  A hobgoblin (D:1)
  2 kobolds (D:1)
  A frilled lizard (D:1)
  4 rats (D:1)
15 creatures vanquished.

Vanquished Creatures (others)
  2 demonic plants (D:2)
2 creatures vanquished.

Grand Total: 17 creatures vanquished

Notes
Turn   | Place    | Note
-------+----------+-------------------------------------------
     0 | D:1      | Flugkiller the Mummy Berserker began the quest for the Orb.
     0 | D:1      | Reached XP level 1. HP: 18/18 MP: 1/1
   270 | D:1      | Reached XP level 2. HP: 24/24 MP: 2/2
   442 | D:1      | Found a faded altar of an unknown god.
   978 | D:2      | HP: 1/24 [kobold/+2 whip of holy wrath (3)]
   978 | D:2      | Slain by a kobold

Illustrated notes

Levels and vault maps discovered:
D:1:      lemuel_arrival_room, layout_basic, ebering_ecumenical_altar_mist
D:2:      layout_loops_cross, basic_altar, dreamdust_princess_corridor,
          minmay_unequal, uniq_terence, uniq_crazy_yiuf_cottage

Skill      XL: |  1  2 |
---------------+-------+-----
Axes           | 3 |  3.0
Fighting       | |  3.3
Armour         | |  1.5
Dodging        | |  1.5

Action                   || total
-------------------------++-------
Melee: Hand axe          ||    51
       Punch             ||     1
 Stab: Sleeping          ||     1
Armor: Animal skin       ||    18
Dodge: Dodged            ||    33

Table legend: (Time is in decaauts)
 A = Elapsed time spent in this place.
 B = Non-inter-level travel time spent in this place.
 C = Inter-level travel time spent in this place.
 D = Time resting spent in this place.
 E = Time spent auto-exploring this place.
 F = Levels seen in this place.
 G = Mean time per level.
                   A        B        C        D        E       F      G
               +--------+--------+--------+--------+--------+-----+--------+
         Total |    986 |    939 |     47 |    179 |    611 |   2 |  493.0 |
       Dungeon |    986 |    939 |     47 |    179 |    611 |   2 |  493.0 |
               +--------+--------+--------+--------+--------+-----+--------+

Top non-repeatable levels by time:
     D:1: 948 daAuts
     D:2: 37 daAuts
